 Dungeon Crawl Stone Soup version 0.18.1-50-g88ac8fd (webtiles) character file.

948 Patate the Covert (level 7, -24/33 HPs)
             Began as a Spriggan Assassin on Oct 30, 2016.
             Killed from afar by a giant gecko (41 damage)
             ... with an exploding inner flame
             ... hexed by the player character
             ... on level 5 of the Dungeon.
             The game lasted 00:25:58 (6328 turns).

Patate the Covert (Spriggan Assassin)               Turns: 6328, Time: 00:26:00

Health: -24/33     AC:  3    Str:  7    XL:     7   Next: 89%
Magic:  8/8        EV: 17    Int: 13    God:
Gold:   200        SH:  0    Dex: 19    Spells: 0 memorised, 6 levels left

rFire  . . .     SeeInvis +     a - +3 dagger
rCold  . . .     Gourm    .     c - +0 robe
rNeg   . . .     Faith    .     (shield restricted)
rPois  .         Spirit   .     (helmet restricted)
rElec  .         Dismiss  .     d - +0 cloak
rCorr  .         Reflect  .     (gloves unavailable)
SustAt .         Harm     .     (boots unavailable)
MR     +....                    (no amulet)
Stlth  +++++.....               (no ring)
                                (no ring)

@: very slightly contaminated, very quick, somewhat resistant to hostile
enchantments, quite stealthy
A: unfitting armour, see invisible, herbivore 3, speed 3, slow metabolism 2
a: no special abilities


You were on level 5 of the Dungeon.
You were hungry.

You visited 1 branch of the dungeon, and saw 6 of its levels.

You collected 200 gold pieces.

Inventory:

Hand Weapons
 a - a +3 dagger (weapon)
 b - a +0 blowgun
Missiles
 v - a poisoned needle
Armour
 c - a +0 robe (worn)
 d - a +0 cloak (worn)
Jewellery
 t - a +3 ring of evasion {unknown}
Scrolls
 n - a scroll of remove curse
 r - 2 scrolls of enchant weapon
 s - a scroll of identify
Potions
 h - a potion of brilliance
 k - a potion of curing
 m - a potion of degeneration
 p - a potion of agility {unknown}
 q - a potion of haste {unknown}
 w - a potion of mutation {unknown}
Books
 u - a book of Dreams

   Spells                             Type                      Level
   a - Ensorcelled Hibernation        Hexes/Ice                    2
   b - Silence                        Hexes/Air                    5
   c - Darkness                       Hexes                        6
   d - Shadow Creatures               Summoning                    6
Comestibles
 g - 2 bread rations
 i - 3 slices of pizza
 j - 2 fruits
 o - 4 royal jellies


   Skills:
 - Level 1.5 Fighting
 * Level 8.9 Short Blades
 - Level 2.0 Throwing
 - Level 2.0 Dodging
 - Level 9.0 Stealth


You had 6 spell levels left.
You didn't know any spells.

Dungeon Overview and Level Annotations

Branches:
Dungeon (6/15)
 Temple: D:4-7

Altars:
Fedhas
Makhleb
Okawaru
Trog
Zin
The Shining One

Annotations:
D:6 blejac99's ghost, novice DDFi


Innate Abilities, Weirdness & Mutations

You are tiny and cannot use many weapons and most armour.
You have supernaturally acute eyesight.
You are a herbivore.
You cover ground extremely quickly.
You need consume almost no food.


Message History

[Y]es or [N]o only, please.
Really attack while wielding your +0 blowgun? [Y]es or [N]o only, please.
Really attack while wielding your +0 blowgun? [Y]es or [N]o only, please.
Really attack while wielding your +0 blowgun?
Okay, then.
a - a +3 dagger (weapon)
The giant gecko closely misses you. The orc barely misses you.
You hit the orc.
The orc is almost dead.
You barely miss the giant gecko. The giant gecko misses you.
The orc misses you.
You hit the orc.
The orc explodes!
The fiery explosion engulfs the giant gecko.
The giant gecko explodes!
The fiery explosion engulfs you!
Ouch! That really hurt!
You die...

### #.# #.# #.#
### #.# #.#####
#.# #(....###
#.# #.@o....##
#.###
#§§§§....##.
#...#
##§§§......#
##...#
#..c.......
##....#
#.........o
#.....##
##..(.........#
##......#
#........[(...
##.......#
##(............
#........#
#.............


You could see a centaur (inner flame) and an orc priest (inner flame).

Vanquished Creatures
  Edmund (D:4)
  4 ogres
  A howler monkey (D:6)
  A crimson imp (D:5)
  3 hounds (D:4)
  An orc wizard (D:4)
  3 iguanas
  Terence (D:3)
  A worker ant zombie (D:5)
  4 gnolls (D:4)
  8 adders
  2 oozes
  An adder skeleton (D:5)
  A worm (D:2)
  A dart slug (D:2)
  A giant gecko (D:2)
  9 orcs
  A ball python (D:2)
  8 bats
  A giant cockroach (D:1)
  4 hobgoblins
  12 jackals
  A quokka (D:5)
  A giant gecko skeleton (D:4)
  7 giant newts
  4 goblins
  4 kobolds
  7 rats
93 creatures vanquished.

Notes
Turn   | Place    | Note
--------------------------------------------------------------
     0 | D:1      | Patate the Spriggan Assassin began the quest for the Orb.
     0 | D:1      | Reached XP level 1. HP: 10/10 MP: 2/2
   139 | D:1      | Reached skill level 6 in Stealth
   173 | D:1      | Reached XP level 2. HP: 14/14 MP: 3/3
   922 | D:2      | Reached XP level 3. HP: 18/18 MP: 4/4
  1337 | D:2      | Reached XP level 4. HP: 21/22 MP: 5/5
  1640 | D:2      | Found an iron altar of Okawaru.
  1646 | D:2      | Reached skill level 7 in Stealth
  1763 | D:3      | Found a burning altar of Makhleb.
  2292 | D:3      | Noticed Terence
  2329 | D:3      | Killed Terence
  2329 | D:3      | Reached XP level 5. HP: 20/25 MP: 6/6
  2695 | D:4      | Found a glowing golden altar of the Shining One.
  2793 | D:4      | Reached skill level 5 in Short Blades
  2979 | D:4      | Noticed an ogre
  3006 | D:4      | Killed an ogre
  3006 | D:4      | Reached skill level 8 in Stealth
  3006 | D:4      | Reached XP level 6. HP: 30/30 MP: 7/7
  3029 | D:4      | Found a glowing silver altar of Zin.
  3295 | D:4      | Noticed Edmund
  3297 | D:4      | Killed Edmund
  3309 | D:4      | Found a bloodstained altar of Trog.
  3506 | D:4      | Reached skill level 9 in Stealth
  3506 | D:4      | Reached XP level 7. HP: 33/33 MP: 8/8
  3554 | D:5      | Entered Level 5 of the Dungeon
  5577 | D:6      | Found a blossoming altar of Fedhas.
  5603 | D:6      | Noticed blejac99's ghost (novice DDFi)
  5912 | D:5      | HP: 1/33 [iguana (9)]
  6328 | D:5      | Killed from afar by a giant gecko

Skill      XL: |  1  2  3  4  5  6  7 |
---------------+----------------------+-----
Stealth        | 6 7 8 9 |  9.0
Short Blades   | 3 4 5 6 8 |  8.9
Dodging        | 2 |  2.0
Fighting       | |  1.5
Throwing       | |  2.0

Action                   |  1- 3 |  4- 6 |  7- 9 || total
-------------------------+-------+-------+-------++-------
Melee: Dagger            |   108 |   105 |   105 ||   318
 Fire: Blowgun           |       |    47 |    14 ||    61
  Use: Scroll            |     4 |     5 |     5 ||    14
       Potion            |       |       |     3 ||     3
 Stab: Sleeping          |    10 |    10 |     8 ||    28
       Distracted        |       |       |     1 ||     1
  Eat: Fruit             |       |       |     2 ||     2
Armor: Robe              |    14 |    10 |     5 ||    29
Dodge: Dodged            |    77 |    66 |    50 ||   193
